Map: King's Cove LE

Players

HeroMarine

  • Race: Terran Terran
  • Spawn Location: 5:00

Marinelord - Winner!

  • Race: Terran Terran
  • Spawn Location: 11:00

Event: 2019 WCS Spring

VOD

Have the link to the VOD?

Description

Time

  • Played on: May 17, 2019, 2:26 p.m.
  • Length: 10:45

All games in this series

Show
View Real Time Build Order
Export as new Build Order

HeroMarine Terran 

Build Orders:  

Get SALT Encoding   

  12  0:00  SCV  
  13  0:12  SCV  
  14  0:17  Supply Depot  
  14  0:25  SCV  
  15  0:39  SCV  
  15  0:41  Barracks  
  16  0:44  Refinery  
  16  0:51  SCV  
  17  1:03  SCV  
  18  1:15  SCV  
  19  1:29  Reaper, Orbital Command  
  20  1:47  Bunker  
  20  1:48  Bunker, Supply Depot  
  20  1:54  SCV  
  20  1:57  Refinery  
  20  2:01  Marine  
  22  2:06  SCV  
  23  2:09  Factory  
  22  2:18  SCV, Marine  
  24  2:30  SCV  
  24  2:36  Marine  
  25  2:43  SCV  
  26  2:53  Supply Depot, Factory Tech Lab  
  26  2:54  Marine  
  26  2:55  SCV  
  26  2:56  Starport  
  28  3:07  SCV  
  28  3:12  Hellion  
  28  3:16  Marine  
  28  3:19  SCV  
  26  3:31  SCV  
  26  3:43  SCV  
  26  3:47  Factory Tech Lab  
  26  3:53  Marine  
  26  3:55  SCV  
  28  4:07  SCV, Raven, Cyclone  
  34  4:15  Barracks Reactor  
  34  4:26  Command Center  
  34  4:28  SCV  
  35  4:39  Cyclone  
  35  4:42  SCV  
  39  4:56  Supply Depot  
  39  5:04  Command Center  
  39  5:11  SCV, Raven  
  42  5:18  Marine x2  
  44  5:24  SCV  
  48  5:28  Siege Tank  
  48  5:36  SCV  
  47  5:48  SCV  
  47  5:49  Refinery  
  50  5:56  Orbital Command  
  50  6:00  SCV  
  49  6:09  Viking  
  49  6:10  Viking  
  53  6:14  SCV  
  53  6:18  Orbital Command  
  54  6:22  SCV  
  55  6:26  SCV  
  55  6:27  Siege Tank  
  59  6:33  Marine  
  59  6:34  SCV  
  59  6:38  SCV  
  61  6:41  Viking  
  61  6:45  Viking  
  61  6:46  SCV x2  
  67  6:50  SCV  
  67  6:51  Stimpack  
  68  6:58  SCV x2  
  68  6:59  Refinery  
  70  7:02  SCV  
  70  7:03  Siege Tank  
  74  7:10  SCV  
  74  7:11  SCV  
  74  7:14  Engineering Bay  
  77  7:16  Engineering Bay  
  77  7:21  Viking x2  
  79  7:35  SCV x3, Barracks  
  79  7:36  Barracks  
  82  7:43  Terran Infantry Weapons Level 1, Terran Infantry Armor Level 1  
  82  7:45  Supply Depot, Marine  
  85  7:53  Orbital Command  
  85  7:54  Supply Depot  
  83  8:00  SCV x2, Barracks  
  83  8:01  Barracks  
  85  8:08  Viking x2  
  89  8:13  Siege Tank  
  89  8:16  SCV x2  
  89  8:19  SCV  
  95  8:25  Barracks Reactor  
  95  8:26  Barracks Reactor  
  92  8:28  SCV x2  
  92  8:31  SCV  
  92  8:32  Marine  
  96  8:40  SCV x2  
  97  8:43  SCV, Refinery  
  97  8:45  Refinery  
  97  8:46  Armory  
  97  8:47  Supply Depot  
  98  8:52  SCV x2  
  98  8:53  Barracks Reactor  
  98  8:55  SCV, Sensor Tower  
  101  8:58  Barracks Reactor, Supply Depot  
  101  9:01  Marine  
  101  9:09  SCV x3, Supply Depot  
  104  9:10  Supply Depot  
  104  9:14  Supply Depot, Marine x4  
  104  9:16  Combat Shield  
  108  9:19  Siege Tank  
  108  9:21  SCV x3  
  114  9:26  Supply Depot  
  114  9:33  Marine x5  
  114  9:34  Marine x2  
  121  9:43  Command Center  
  121  9:49  Marine x2  
  121  9:51  Marine x3  
  121  9:52  Marine x2  
  128  9:59  Supply Depot  
  129  10:07  Siege Tank, Marine x2  
  129  10:09  SCV, Medivac  
  129  10:10  SCV x2, Factory  
  129  10:11  Marine x3  
  139  10:17  Supply Depot x2  
  139  10:20  Marine  
  139  10:21  Marine x3  
  143  10:25  Marine x2  
Show
View Real Time Build Order
Export as new Build Order

Marinelord Terran - Winner!

Build Orders:  

Get SALT Encoding   

  12  0:00  SCV  
  13  0:12  SCV  
  14  0:18  Supply Depot  
  14  0:24  SCV  
  15  0:42  Barracks  
  15  0:45  Refinery  
  15  1:02  Barracks  
  15  1:04  SCV  
  16  1:16  SCV  
  17  1:30  Orbital Command  
  17  1:31  Reaper  
  18  1:34  Refinery  
  18  1:48  Reaper  
  19  1:55  SCV  
  19  2:00  Supply Depot  
  20  2:03  Reaper  
  20  2:07  SCV  
  22  2:19  SCV  
  23  2:27  Reaper  
  24  2:31  SCV  
  24  2:36  Reaper  
  25  2:41  Factory  
  25  2:45  SCV  
  27  2:59  Reaper  
  27  3:02  Command Center  
  28  3:05  SCV  
  28  3:17  SCV  
  28  3:23  Reaper  
  29  3:29  SCV  
  29  3:34  Reaper  
  29  3:38  Factory Tech Lab  
  29  3:40  Starport  
  29  3:42  SCV  
  29  3:44  Supply Depot  
  30  3:55  SCV  
  31  4:06  Cyclone  
  31  4:07  SCV  
  35  4:14  Orbital Command  
  35  4:19  SCV  
  35  4:22  Starport Tech Lab  
  36  4:31  SCV  
  37  4:34  Command Center  
  37  4:42  Cyclone  
  37  4:43  SCV  
  37  4:45  SCV  
  42  4:51  Raven  
  44  4:54  Refinery  
  44  4:55  SCV  
  44  4:57  SCV  
  46  5:04  Supply Depot  
  46  5:07  SCV  
  46  5:09  SCV, Refinery  
  48  5:19  SCV  
  48  5:20  Siege Tank  
  52  5:21  SCV  
  53  5:28  Supply Depot  
  53  5:31  SCV  
  53  5:34  SCV  
  55  5:40  Supply Depot  
  55  5:42  Raven  
  57  5:43  SCV  
  57  5:46  SCV  
  57  5:47  Barracks Reactor  
  60  5:55  SCV, Siege Tank  
  60  5:56  Orbital Command  
  62  5:58  SCV  
  62  6:03  Barracks  
  63  6:04  Barracks  
  63  6:08  SCV  
  63  6:10  SCV  
  65  6:12  Engineering Bay, Orbital Command  
  65  6:14  Engineering Bay  
  65  6:20  SCV  
  65  6:22  SCV  
  67  6:27  Siege Tank  
  67  6:32  SCV  
  71  6:34  SCV  
  71  6:36  Marine  
  71  6:37  Stimpack  
  71  6:39  SCV  
  74  6:43  Supply Depot  
  74  6:44  Terran Infantry Weapons Level 1, SCV, Terran Infantry Armor Level 1  
  74  6:45  Supply Depot  
  74  6:46  SCV  
  76  6:50  Barracks Reactor  
  76  6:51  SCV, Barracks Reactor  
  77  6:56  SCV  
  78  7:01  Barracks  
  78  7:02  Siege Tank, Barracks  
  78  7:03  SCV x2  
  78  7:06  Refinery  
  84  7:08  SCV  
  84  7:09  Refinery  
  84  7:10  Viking  
  84  7:13  Viking  
  89  7:15  SCV  
  89  7:16  SCV  
  89  7:20  SCV  
  91  7:23  Supply Depot  
  91  7:24  Supply Depot  
  91  7:27  SCV  
  91  7:28  SCV  
  93  7:32  SCV  
  93  7:33  Marine x4  
  93  7:34  Marine  
  99  7:39  SCV  
  99  7:40  SCV  
  99  7:44  SCV, Supply Depot  
  100  7:50  Siege Tank  
  104  7:51  Marine x2  
  104  7:52  SCV  
  104  7:53  SCV, Viking  
  104  7:54  Viking  
  104  7:55  Supply Depot  
  112  7:58  Armory  
  112  7:59  SCV, Supply Depot  
  112  8:01  Barracks Reactor x2  
  112  8:04  SCV  
  112  8:05  SCV  
  115  8:09  Supply Depot  
  115  8:10  Supply Depot, Marine x2  
  115  8:11  SCV, Marine  
  115  8:12  Marine  
  120  8:22  Marine  
  120  8:23  Viking  
  123  8:27  Siege Tank  
  123  8:28  Marine x2  
  123  8:29  Marine  
  123  8:33  Command Center  
  129  8:35  Marine  
  129  8:38  Combat Shield, Marine x3  
  129  8:40  Marine x2  
  135  8:43  SCV x3  
  135  8:46  Marine  
  135  8:47  Marine x2  
  141  8:53  Medivac x2, Factory, Marine  
  146  9:06  Factory, Marine x2  
  146  9:07  Siege Tank  
  146  9:08  Marine  
  146  9:09  Marine  
  153  9:17  Marine x2  
  153  9:18  Sensor Tower, Marine x2  
  153  9:19  Marine  
  153  9:23  Marine x2  
  153  9:24  Sensor Tower  
  160  9:25  SCV x2  
  160  9:26  Marine  
  164  9:33  Medivac  
  164  9:35  Supply Depot x2  
  165  9:39  SCV, Supply Depot, Medivac, Siege Tank, Marine  
  165  9:40  Supply Depot, Marine  
  165  9:44  Marine x2  
  175  9:50  Planetary Fortress  
  175  9:52  Refinery  
  175  9:54  Refinery  
  175  9:55  SCV x2  
  175  9:57  Starport x2  
  175  9:59  Marine x2  
  179  10:02  Marine x2  
  179  10:04  Marine  
  179  10:06  Factory Tech Lab  
  182  10:07  Marine x2  
  182  10:10  Marine x2  
  182  10:12  Siege Tank  
  189  10:17  Marine  
  190  10:26  Command Center  
Tags
 
Add a new tag
Caveats
  • Supply blocks, unpowered buildings, or Contaminate may cause inaccurate times.
  • Supply counts are checked every 10 seconds.